 Dungeon Crawl Stone Soup version 0.22-a0-354-g30dfbe6fde (webtiles) character file.

252 Laan the Bolt Thrower (level 6, -5/38 HPs)
             Began as a Kobold Hunter on Apr 17, 2018.
             Slain by a centaur zombie (6 damage)
             ... in an ossuary.
             The game lasted 00:06:21 (3409 turns).

Laan the Bolt Thrower (Kobold Hunter)               Turns: 3409, Time: 00:06:21

Health: -5/38      AC:  5    Str:  9    XL:     6   Next: 36%
Magic:  6/6        EV: 16    Int: 12    God:
Gold:   167        SH:  0    Dex: 18    Spells: 5/5 levels left

rFire    . . .     SeeInvis .   b - +0 short sword
rCold    . . .     Gourm    .   (shield restricted)
rNeg     . . .     Faith    .   c - +0 leather armour
rPois    .         Spirit   .   l - +0 helmet
rElec    .         Reflect  .   p - +0 cloak
rCorr    .         Harm     .   (no gloves)
MR       .....                  (no boots)
Stlth    ++........             (no amulet)
HPRegen  0.12/turn              (no ring)
MPRegen  0.10/turn              (no ring)

@: no status effects
A: small, carnivore
a: no special abilities


You were in an ossuary.
You were very full.

You visited 1 branch of the dungeon, and saw 4 of its levels.
You also visited: Ossuary.

You collected 167 gold pieces.

Inventory:

Hand Weapons
 a - a +1 hand crossbow
 b - a +0 short sword (weapon)
Armour
 c - a +0 leather armour (worn)
 l - a +0 helmet (worn)
 p - a +0 cloak (worn)
Scrolls
 g - 5 scrolls of remove curse {unknown}
 h - a scroll of enchant armour {unknown}
 i - 3 scrolls of immolation {unknown}
 k - 8 scrolls of identify {unknown}
 m - 2 scrolls of enchant weapon {unknown}
 o - 2 scrolls of teleportation {unknown}
 q - a scroll of magic mapping {unknown}
 u - 3 scrolls of random uselessness {unknown}
 v - a scroll of noise {unknown}
Potions
 e - a potion of invisibility {unknown}
 j - 5 potions of brilliance {unknown}
 n - a potion of cancellation {unknown}
 r - a potion of magic {unknown}
 s - 2 potions of mutation {unknown}
 t - 9 potions of degeneration {unknown}
 w - a potion of agility {unknown}
 x - 3 potions of curing {unknown}
 z - a potion of flight {unknown}
Comestibles
 f - 8 rations


   Skills:
 + Level 3.8 Fighting
 * Level 6.8 Crossbows
 + Level 4.2 Dodging
 - Level 2.3 Stealth


You had 5 spell levels left.
You didn't know any spells.

Dungeon Overview and Level Annotations

Branches:
Dungeon (4/15)
 Temple: D:4-7

Altars:
Gozag
Nemelex Xobeh
Sif Muna


Innate Abilities, Weirdness & Mutations

You are small and have problems with some larger weapons.
You are carnivorous and can eat meat at any time.


Message History

The centaur zombie is heavily damaged.
The centaur zombie closely misses you.
Firing (i - inventory)
d - a bolt (quivered)
Press: ? - help, Shift-Dir - straight line, f/p - centaur zombie
Aim: a centaur zombie (heavily damaged)
You shoot a bolt.
The bolt barely misses the centaur zombie.
The centaur zombie closely misses you. The centaur zombie hits you.
* * * LOW HITPOINT WARNING * * *
b - a +0 short sword (weapon)
The centaur zombie hits you.
* * * LOW HITPOINT WARNING * * *
You hit the centaur zombie.
The centaur zombie is severely damaged.
The centaur zombie hits you.
* * * LOW HITPOINT WARNING * * *
You hit the centaur zombie.
The centaur zombie is severely damaged.
The centaur zombie hits you.
You die...

##### ##.....## ###
#...# #.......# #..
#...# ####.#### #..
##.## #.# ##. ###.#
###'### #. #.'.##
##.....## ##.
###..###.......###..
#.'...#.........#...
###@..'....⌠....'...
#.Z...#.........#...
###..###.......###..
+.## ##.....## ##.
#.# ###'### #. #.#
#.# ##. ... ##.##
#.. ... #.∩.# #..
#.∩.# ###


You could see a centaur zombie.

Vanquished Creatures
  2 human zombies (Ossuary)
  Terence (D:2)
  3 mummies (Ossuary)
  A gnoll (D:2)
  3 adders (D:2)
  An ooze (D:2)
  2 worms (D:2)
  5 dart slugs
  7 orcs
  3 ball pythons
  4 giant cockroaches (D:2)
  5 goblins
  9 hobgoblins
  3 bats
  3 frilled lizards
  2 hobgoblin zombies (Ossuary)
  5 kobolds
  A kobold zombie (Ossuary)
  An orc zombie (Ossuary)
  9 rats
70 creatures vanquished.

Notes
Turn   | Place    | Note
-------+----------+-------------------------------------------
     0 | D:1      | Laan the Kobold Hunter began the quest for the Orb.
     0 | D:1      | Reached XP level 1. HP: 12/12 MP: 1/1
    78 | D:1      | Reached XP level 2. HP: 16/18 MP: 2/2
    82 | D:1      | Reached skill level 5 in Crossbows
   499 | D:1      | Reached XP level 3. HP: 22/22 MP: 3/3
   943 | D:2      | Noticed Terence
   950 | D:2      | Killed Terence
   950 | D:2      | Reached XP level 4. HP: 27/27 MP: 4/4
  1672 | D:2      | Reached XP level 5. HP: 31/32 MP: 5/5
  1814 | D:2      | Reached skill level 6 in Crossbows
  1816 | D:2      | Found a sparkling altar of Nemelex Xobeh.
  1957 | D:3      | Found a deep blue altar of Sif Muna.
  1992 | D:3      | Found an opulent altar of Gozag.
  2631 | D:4      | Found a sand-covered staircase.
  2640 | Ossuary  | Entered an ossuary
  2703 | Ossuary  | Reached XP level 6. HP: 18/37 MP: 6/6
  3408 | Ossuary  | HP: 1/38 [centaur zombie (3)]
  3409 | Ossuary  | Slain by a centaur zombie

Vault maps used:
D:1:      dpeg_arrival_tiny_d
D:2:      st_stairs_11, grunt_ministairs_12, nemelex_dance_club_becter,
          uniq_terence
D:3:      overflow_temple_1_default, nicolae_overflow_crystal_walls,
          minmay_misc_feat_pillars
D:4:      kennysheep_six_static_rooms, kennysheep_mini_moat, serial_shops, shop,
          lightli_ossuary_entry_decrepit_ruins
Ossuary:  ossuary_crypta

Skill      XL: |  1  2  3  4  5 |
---------------+----------------+-----
Crossbows      | 5 6 |  6.8
Stealth        | 2 |  2.3
Dodging        | 3 4 |  4.2
Fighting       | 3 |  3.8

Action                   |  1- 3 |  4- 6 || total
-------------------------+-------+-------++-------
Melee: Short sword       |       |   192 ||   192
 Fire: Hand crossbow     |    45 |    72 ||   117
 Stab: Sleeping          |       |     3 ||     3
       Distracted        |       |     1 ||     1
  Eat: Chunk             |     8 |     6 ||    14
Armor: Leather armour    |     2 |    21 ||    23
Dodge: Dodged            |    12 |   125 ||   137

Table legend:
 A = Spawn XP
 B = Non-spawn XP
 C = Spawn XP percentage of total XP
 D = Spawn monster count
 E = Non-spawn monster count
 F = Spawn count percentage of total count
 G = Total turns spent on level
                    A         B        C        D         E        F      G
               +---------+---------+-------+---------+---------+-------+---------
         Total |       0 |     360 |   0.0 |       0 |      70 |   0.0 |  3409
               +---------+---------+-------+---------+---------+-------+---------
           D:1 |       0 |      37 |   0.0 |       0 |      19 |   0.0 |   859
           D:2 |       0 |     138 |   0.0 |       0 |      24 |   0.0 |  1085
           D:3 |       0 |      41 |   0.0 |       0 |      18 |   0.0 |   687
       Ossuary |       0 |     144 |   0.0 |       0 |       9 |   0.0 |   769
               +---------+---------+-------+---------+---------+-------+---------
